 Dungeon Sprint DCSS version 0.15-a0-1206-g3bad1a6 (webtiles) character file.

4300000 Infinimo the Axe Maniac (level 21, -25/204 HPs)
             Began as a Formicid Warper on June 1, 2014.
             Was the Champion of Makhleb.
             Annihilated by a destroyer
             ... wielding a +9,+9 great sword of slicing
              (191 damage)
             ... in the Dungeon (Sprint VIII: "Arena of Blood").
             The game lasted 00:01:20 (43 turns).

Infinimo the Axe Maniac (Formicid Warper)             Turns: 43, Time: 00:01:21

HP -25/204       AC  6     Str 16      XL: 21   Next: 59%
MP  28/47        EV 32     Int 16      God: Makhleb [******]
Gold 0           SH  0     Dex 17      Spells:  1 memorised, 73 levels left

rFire  . . .     SeeInvis +     d - +∞ Axe of Woe
rCold  . . .     Clarity  .     b - +0 leather armour
rNeg   . . .     rCorr    .     (no shield)
rPois  .         rRot     .     (helmet unavailable)
rElec  .         Spirit   .     (no cloak)
SustAb .         Warding  .     (no gloves)
rMut   .         Stasis   +     (no boots)
Gourm  .                        (no amulet)
MR     ++...                    (no ring)
                                (no ring)

@: very resistant to hostile enchantments, stealthy
A: permanent stasis, dig shafts and tunnels, four strong arms, antennae 3
a: Dig, Minor Destruction, Lesser Servant of Makhleb, Major Destruction, Greater
Servant of Makhleb, Renounce Religion


You were in the Dungeon.
You worshipped Makhleb.
Makhleb was exalted by your worship.
You were not hungry.

You visited 1 branch

Inventory:

Hand weapons
 a - a +0,+0 hand axe
 d - the +∞,+∞ Axe of Woe (weapon)
   (You found it in the Dungeon)
Missiles
 e - 5 tomahawks (quivered)
Armour
 b - a +0 leather armour (worn)
Comestibles
 f - a bread ration
Jewellery
 i - an uncursed ring of protection from fire
Potions
 g - a potion of curing
 h - a potion of heal wounds
 j - 2 potions of magic
Books
 c - a book of Spatial Translocations

   Spells                             Type                      Level
   *Apportation                       Translocation                1
   Blink                              Translocation                2
   Shroud of Golubria                 Charms/Translocation         2
   Portal Projectile                  Translocation                3
   Teleport Other                     Translocation                3
   Passage of Golubria                Translocation                4


   Skills:
 O Level 27 Fighting
 O Level 27 Axes
 + Level 5.0 Throwing
 O Level 27 Armour
 O Level 27 Dodging
 + Level 7.8 Stealth
 + Level 5.9 Unarmed Combat
 O Level 27 Spellcasting
 O Level 27 Translocations
 + Level 7.1 Invocations


You had 73 spell levels left.
You knew the following spells:

 Your Spells              Type           Power        Failure   Level  Hunger
a - Apportation           Tloc           #######...   0%          1    None


Dungeon Overview and Level Annotations

Branches:
Dungeon (1/1)

Altars:
Makhleb


Innate Abilities, Weirdness & Mutations

Your are under a permanent stasis effect.
You can dig through walls and to a lower floor.
Your four strong arms can wield two-handed weapons with a shield.
You have a pair of large antennae on your head (SInv).


Message History

You kill the meat berserker!
Makhleb accepts your kill.
You have mastered Translocations!
You need to enable at least one skill for training.
Your Throwing skill gained 5 levels and is now at level 5!
Your Stealth skill gained 7 levels and is now at level 7!
Your Unarmed Combat skill gained 5 levels and is now at level 5!
Your Invocations skill gained 7 levels and is now at level 7!
You are engulfed in roaring flames.
You hear a shout! x4
The large bag of meat is engulfed in roaring flames.
You hear a shout!
The destroyer blinks!
An orc and a vampire knight come into view.
The bag of meat shouts!
You hear a shout!
You hear a shout!
You hear a shout!
You hear a shout!
The destroyer is engulfed in roaring flames.
The destroyer hits you with a +9,+9 great sword of slicing!!!!!
Ouch! That really hurt!
You die...

.. .......... ....
.............#......#
....................#
.............#......#
.#..................#
.#...........##o....#
.###................#
)....))V)).)###oV...#
....).))..))§§C§@...#
#...).))#.#.)§§V....#
#.......%......V.%..#
#......#.#.#....o.%.#
....................#
........#.#.#.%#o..%#
.###..........#.....#
.# ............#o...#
.# ..... ...#...


You could see 3 destroyers, a large bag of meat (inner flame) and 5 bags of
meat.

Vanquished Creatures
  A hill giant (D)
  9 ogres (D)
  19 orcs (D)
  2 vampire knights (D)
31 creatures vanquished.

Notes
Turn   | Place    | Note
--------------------------------------------------------------
     0 | D        | Infinimo, the Formicid Warper, began the quest for the Orb.
     0 | D        | Reached XP level 1. HP: 16/16 MP: 3/3
     3 | D        | Noticed a bag of meat
     3 | D        | Noticed a bag of meat
     4 | D        | Became a worshipper of Makhleb the Destroyer
     5 | D        | Noticed a bag of meat
     5 | D        | Noticed a bag of meat
     7 | D        | Killed a bag of meat
     7 | D        | Reached skill level 24 in Axes
     7 | D        | Reached XP level 2. HP: 22/22 MP: 5/5
     7 | D        | Reached XP level 3. HP: 27/27 MP: 7/7
     7 | D        | Reached XP level 4. HP: 33/33 MP: 8/8
     7 | D        | Reached XP level 5. HP: 38/38 MP: 11/11
     7 | D        | Reached XP level 6. HP: 44/44 MP: 12/12
     7 | D        | Reached XP level 7. HP: 50/50 MP: 14/14
     7 | D        | Reached XP level 8. HP: 56/56 MP: 16/16
     7 | D        | Reached XP level 9. HP: 61/61 MP: 18/18
     7 | D        | Reached XP level 10. HP: 67/67 MP: 18/18
     7 | D        | Reached XP level 11. HP: 72/72 MP: 20/20
     8 | D        | Noticed a bag of meat
     8 | D        | Killed a bag of meat
     8 | D        | Acquired Makhleb's first power
     8 | D        | Reached skill level 27 in Axes
     8 | D        | Reached skill level 5 in Dodging
     8 | D        | Reached XP level 12. HP: 77/89 MP: 21/21
     8 | D        | Reached XP level 13. HP: 82/95 MP: 22/22
    11 | D        | Noticed a bag of meat
    12 | D        | Noticed a meat berserker
    12 | D        | Noticed a bag of meat
    13 | D        | Noticed a meat berserker
    13 | D        | Noticed a bag of meat
    14 | D        | Noticed a bag of meat
    14 | D        | Noticed a bag of meat
    14 | D        | Killed a meat berserker
    14 | D        | Reached skill level 10 in Dodging
    15 | D        | Noticed a meat berserker
    15 | D        | Killed a bag of meat
    15 | D        | Reached XP level 14. HP: 113/121 MP: 23/23
    15 | D        | Killed a bag of meat
    15 | D        | Acquired Makhleb's second power
    15 | D        | Reached XP level 15. HP: 118/132 MP: 24/24
    16 | D        | Noticed a bag of meat
    16 | D        | Noticed a bag of meat
    16 | D        | Killed a bag of meat
    16 | D        | Reached skill level 15 in Dodging
    17 | D        | Noticed a bag of meat
    17 | D        | Noticed a bag of meat
    18 | D        | Noticed a destroyer
    18 | D        | Killed a bag of meat
    18 | D        | Killed a meat berserker
    18 | D        | Acquired Makhleb's third power
    18 | D        | Reached XP level 16. HP: 146/150 MP: 24/24
    19 | D        | Killed a meat berserker
    19 | D        | Killed a bag of meat
    19 | D        | Killed a bag of meat
    19 | D        | Acquired Makhleb's fourth power
    19 | D        | Reached XP level 17. HP: 161/164 MP: 25/25
    19 | D        | Killed a destroyer
    21 | D        | Killed a bag of meat
    23 | D        | Noticed a destroyer
    23 | D        | Killed a bag of meat
    23 | D        | Reached XP level 18. HP: 176/179 MP: 26/26
    23 | D        | Killed a bag of meat
    23 | D        | Killed a bag of meat
    23 | D        | Acquired Makhleb's fifth power
    23 | D        | Reached skill level 27 in Fighting
    23 | D        | Reached skill level 27 in Armour
    24 | D        | Noticed a meat berserker
    25 | D        | Noticed a bag of meat
    26 | D        | Noticed a meat berserker
    27 | D        | Noticed a bag of meat
    27 | D        | Killed a destroyer
    28 | D        | Killed a bag of meat
    28 | D        | Reached skill level 27 in Dodging
    28 | D        | Reached XP level 19. HP: 189/189 MP: 26/33
    29 | D        | Noticed a bag of meat
    29 | D        | Noticed a meat berserker
    29 | D        | Noticed a meat berserker
    30 | D        | Noticed a large bag of meat
    30 | D        | Noticed a large bag of meat
    30 | D        | Killed a meat berserker
    31 | D        | Killed a bag of meat
    31 | D        | Killed a meat berserker
    31 | D        | Reached skill level 15 in Translocations
    32 | D        | Noticed a meat berserker
    33 | D        | Killed a meat berserker
    33 | D        | Killed a bag of meat
    33 | D        | Reached XP level 20. HP: 197/197 MP: 27/43
    34 | D        | Noticed a bag of meat
    34 | D        | Killed a meat berserker
    34 | D        | Killed a bag of meat
    35 | D        | Killed a large bag of meat
    36 | D        | Noticed a destroyer
    36 | D        | Noticed a destroyer
    36 | D        | Noticed a bag of meat
    37 | D        | Killed a meat berserker
    38 | D        | Noticed a meat berserker
    39 | D        | Noticed a bag of meat
    39 | D        | Noticed a bag of meat
    39 | D        | Noticed a bag of meat
    40 | D        | Noticed a destroyer
    40 | D        | Killed a bag of meat
    40 | D        | Reached XP level 21. HP: 204/204 MP: 27/47
    40 | D        | Killed a bag of meat
    41 | D        | Noticed a bag of meat
    42 | D        | Killed a bag of meat
    42 | D        | Reached skill level 27 in Spellcasting
    42 | D        | Killed a meat berserker
    42 | D        | Reached skill level 27 in Translocations
    42 | D        | Reached skill level 5 in Throwing
    42 | D        | Reached skill level 5 in Unarmed Combat
    43 | D        | Noticed a bag of meat
    43 | D        | Noticed a destroyer
    43 | D        | Annihilated by a destroyer

Action                   |  1- 3 |  4- 6 |  7- 9 | 10-12 | 13-15 | 16-18 | 19-21 || total
-------------------------+-------+-------+-------+-------+-------+-------+-------++-------
Melee: Executioner's axe |     1 |       |       |     1 |     4 |     5 |     8 ||    19
 Cast: Apportation       |       |       |       |       |       |       |     1 ||     1
